 Dungeon Crawl Stone Soup version 0.25.1-2-g60ff931df9 (webtiles) character file.

Game seed: 12273100294919946901

726 zeroc00l the Stinger (level 7, -3/55 HPs)
             Began as a Naga Venom Mage on Nov 26, 2020.
             Slain by an ogre
             ... wielding a +0 giant spiked club
              (24 damage)
             ... on level 4 of the Dungeon.
             The game lasted 00:27:24 (4070 turns).

zeroc00l the Stinger (Naga Venom Mage)              Turns: 4070, Time: 00:27:24

Health: -3/55      AC:  8    Str: 16    XL:     7   Next: 72%
Magic:  2/13       EV: 10    Int: 17    God:
Gold:   122        SH:  0    Dex: 12    Spells: 1/14 levels left

rFire    + . .     SeeInvis +   a - +0 morningstar
rCold    . . .     Gourm    .   (no shield)
rNeg     . . .     Faith    .   u - +1 leather armour
rPois    +         Spirit   .   (no helmet)
rElec    .         Reflect  .   k - +2 cloak
rCorr    .         Harm     .   l - +0 pair of gloves
MR       .....                  (no barding)
Stlth    ++........             (no amulet)
HPRegen  0.18/turn              h - +6 ring of strength
MPRegen  0.13/turn              f - ring of protection from fire

@: short of breath, very slightly contaminated, very slow
A: large, see invisible, deformed body, poison resistance, slowness 2, slow
metabolism 1, spit poison 1, AC +2
a: Spit Poison


You were on level 4 of the Dungeon.
You were not hungry.

You visited 1 branch of the dungeon, and saw 4 of its levels.
You also visited: Sewer.

You collected 122 gold pieces.

Inventory:

Hand Weapons
 a - a +0 morningstar (weapon)
 b - a +3 hand axe
 c - a +0 short sword
 C - a +0 spear
Missiles
 m - 6 poisoned darts (quivered)
Armour
 k - a +2 cloak (worn)
 l - a +0 pair of gloves (worn)
 r - a +0 kite shield
 u - a +1 leather armour (worn)
Jewellery
 f - a ring of protection from fire (right hand)
 h - a +6 ring of strength (left hand)
Wands
 p - a wand of flame (13)
Scrolls
 o - 3 scrolls of identify
 s - a scroll of enchant armour
 x - a scroll of magic mapping
 D - a scroll of amnesia
Potions
 d - a potion of haste
 e - a potion of berserk rage
 g - 2 potions of flight {unknown}
 i - 3 potions of might {unknown}
 j - 4 potions of curing
 t - 3 potions of brilliance
 w - a potion of ambrosia {unknown}
 z - 2 potions of heal wounds
 A - a potion of degeneration {unknown}
 B - a potion of lignification {unknown}
Comestibles
 n - 8 rations
 v - 6 chunks of flesh


   Skills:
 + Level 3.5 Dodging
 - Level 3.0 Stealth
 + Level 4.0 Spellcasting
 + Level 2.7 Conjurations
 + Level 3.7 Transmutations
 + Level 2.7 Air Magic
 - Level 5.0 Poison Magic


You had one spell level left.
You knew the following spells:

 Your Spells              Type           Power        Failure   Level  Hunger
a - Sting                 Tmut/Pois      ###.         3%          1    None
b - Poisonous Vapours     Pois/Air       ###...       6%          2    ##.....
c - Mephitic Cloud        Conj/Pois/Air  ###.....     14%         3    ###....
d - Olgreb's Toxic Radia  Pois           ###.....     24%         4    ####...
e - Ignite Poison         Fire/Tmut/Pois ##......     19%         3    ###....

Your spell library contained the following spells:

 Spells                   Type           Power        Failure   Level  Hunger


Dungeon Overview and Level Annotations

Branches:
Dungeon (4/15)              Sewer (visited)
 Temple: D:4-7

Altars:


Innate Abilities, Weirdness & Mutations

You cannot wear boots.
Your serpentine skin is tough. (AC +2)
You have supernaturally acute eyesight. (SInv)
Armour fits poorly on your strangely shaped body.
Your system is resistant to poisons. (rPois)
You cover ground very slowly.
You have a slow metabolism.
You can spit poison.


Message History

The gnoll closely misses you. The gnoll hits you.
* * * LOW HITPOINT WARNING * * *
Casting: Sting (safe; 3% risk of failure)
Confirm with . or Enter, or press ? or * to list all spells.
You miscast Ignite Poison.
Nothing appears to happen.
The adder bites the gnoll.
The gnoll barely misses you. The gnoll hits you but does no damage.
As you read the scroll labeled PEKLULEJAR, it crumbles to dust.
You experience a momentary feeling of inescapable doom!
It was a scroll of random uselessness.
The adder bites the ogre.
The gnoll hits you with a +0 spear!
* * * LOW HITPOINT WARNING * * *
The gnoll completely misses you.
You feel much better. The gnoll hits you.
As you read the scroll labeled XAUKHL EGIO, it crumbles to dust.
You feel blessed for a moment.
It was a scroll of remove curse.
The gnoll looks more healthy.
The gnoll closely misses you. The gnoll hits you but does no damage.
The ogre hits you with a +0 giant spiked club!!
You die...

#.........######.#
#.###.#.##### #.#
#.#.# =..##.#.##
.........##
...#......#
#.....## ##.g..##
#..O@## #S.#g#
#..#.# #. #.# #.#
..# ###


You could see an ogre, 2 gnolls and an adder (confused).

Vanquished Creatures
  Sigmund (D:3)
  2 big kobolds (Sewer)
  An orc priest (D:3)
  Terence (D:2)
  Natasha (thrice) (D:2)
  A worker ant (D:3)
  3 gnolls
  7 river rats
  4 adders
  An ooze (Sewer)
  4 worms
  4 dart slugs
  2 leopard geckos
  4 orcs
  6 giant cockroaches
  9 goblins
  3 hobgoblins
  6 jackals
  5 quokkas
  7 ball pythons
  10 bats
  7 frilled lizards
  26 kobolds
  28 rats
145 creatures vanquished.

Notes
Turn   | Place    | Note
-------+----------+-------------------------------------------
     0 | D:1      | zeroc00l the Naga Venom Mage began the quest for the Orb.
     0 | D:1      | Reached XP level 1. HP: 15/15 MP: 3/3
   132 | D:1      | Reached XP level 2. HP: 22/22 MP: 0/5
   137 | D:1      | Learned a level 2 spell: Poisonous Vapours
   401 | D:1      | Reached XP level 3. HP: 28/28 MP: 4/6
   452 | D:1      | Learned a level 3 spell: Mephitic Cloud
  1031 | D:2      | Noticed Natasha
  1041 | D:2      | Killed Natasha
  1041 | D:2      | Reached XP level 4. HP: 31/36 MP: 2/7
  1518 | D:2      | Noticed Natasha
  1526 | D:2      | Killed Natasha
  1526 | D:2      | Reached skill level 5 in Poison Magic
  1526 | D:2      | Reached XP level 5. HP: 30/42 MP: 5/9
  1832 | D:2      | Noticed Natasha
  1843 | D:2      | Killed Natasha
  1912 | D:2      | Learned a level 4 spell: Olgreb's Toxic Radiance
  2106 | D:3      | Noticed Terence
  2144 | D:2      | Killed Terence
  2206 | D:3      | Found a glowing drain.
  2237 | D:3      | Reached skill level 1 in Conjurations
  2324 | D:3      | Reached skill level 1 in Air Magic
  2343 | D:3      | Noticed Sigmund
  2369 | D:3      | Killed Sigmund
  2369 | D:3      | Reached XP level 6. HP: 49/49 MP: 1/11
  2417 | Sewer    | Entered a sewer
  2590 | Sewer    | Reached XP level 7. HP: 45/55 MP: 0/12
  2909 | Sewer    | Learned a level 3 spell: Ignite Poison
  3669 | D:3      | Found a faded altar of an unknown god.
  4070 | D:4      | Slain by an ogre

Illustrated notes

Levels and vault maps discovered:
D:1:      psy_arrival_fountain, layout_basic
D:2:      layout_basic, uniq_natasha
D:3:      layout_basic, first_ration, chequers_ecumenical_altar_simple_redux,
          portal_sewer_entry_a, uniq_terence, uniq_sigmund
D:4:      layout_loops_ring, uniq_crazy_yiuf_cottage, uniq_grinder, uniq_robin

Skill      XL: |  1  2  3  4  5  6  7 |
---------------+----------------------+-----
Dodging        | 2 3 |  3.5
Transmutations | 2 3 |  3.7
Poison Magic   | 5 |  5.0
Spellcasting   | 3 4 |  4.0
Conjurations   | 1 2 |  2.7
Air Magic      | 1 2 |  2.7
Stealth        | |  3.0

Action                   |  1- 3 |  4- 6 |  7- 9 || total
-------------------------+-------+-------+-------++-------
Melee: Unarmed           |    12 |       |       ||    12
       Spear             |     7 |    29 |       ||    36
       Hand axe          |       |    17 |    47 ||    64
       Morningstar       |       |       |    11 ||    11
Throw: Dart              |       |       |     3 ||     3
 Cast: Sting             |    25 |    77 |    65 ||   167
       Poisonous Vapours |     7 |    10 |     9 ||    26
       Mephitic Cloud    |       |     3 |     2 ||     5
 Abil: Spit Poison       |     5 |     2 |     4 ||    11
  Use: Scroll            |       |     1 |     7 ||     8
       Potion            |       |       |     5 ||     5
 Stab: Sleeping          |     1 |     1 |       ||     2
       Confused          |       |     2 |       ||     2
       Distracted        |       |       |     1 ||     1
  Eat: Chunk             |     1 |     5 |     5 ||    11
Armor: Robe              |     6 |       |       ||     6
       Leather armour    |     2 |    37 |    45 ||    84
Dodge: Dodged            |    15 |    29 |    76 ||   120
